 Dungeon Crawl Stone Soup version 0.27-a0-1188-g73eefd5def (webtiles) character file.

Game seed: 1775413709285206920

2243 ZappyNine the Fighter (level 9, -7/93 (97) HPs)
             Began as a Kobold Venom Mage on May 21, 2021.
             Was a Follower of Dithmenos.
             Mangled by a wight
             ... wielding a +5 morningstar
              (8 damage)
             ... on level 6 of the Dungeon.
             The game lasted 00:14:09 (8437 turns).

ZappyNine the Fighter (Kobold Venom Mage)           Turns: 8437, Time: 00:14:10

HP:   -7/93 (97)    AC: 24    Str:  5    XL:     9   Next: 63%
MP:   14/14         EV:  3    Int: 16    God:    Dithmenos [*.....]
Gold: 274           SH:  5    Dex: 19    Spells: 8/14 levels left

rFire    + . .     SeeInvis .   e - +0 dagger (venom)
rCold    . . .     Faith    .   (shield restricted)
rNeg     + + +     Spirit   .   (armour currently unavailable)
rPois    +         Reflect  +   (helmet currently unavailable)
rElec    .         Harm     .   (cloak currently unavailable)
rCorr    .         Rampage  .   (gloves currently unavailable)
Will     ++...     NoTele   +   (boots currently unavailable)
Stlth    ++++++....             b - amulet "Exanory" {Reflect rF+ Will++ SH+5}
HPRegen  0.25/turn              g - +4 ring of evasion
MPRegen  0.14/turn              (no ring)

@: tree-form, wreathed by umbra, studying Fighting, lightly drained
A: stationary, stasis, torment immunity, boosted hp, small, no large weapons,
nightstalker 3
a: Renounce Religion


You were on level 6 of the Dungeon.
You worshipped Dithmenos.
Dithmenos was aware of your devotion.
You were a tree.
You visited 2 branches of the dungeon, and saw 7 of its levels.

You collected 274 gold pieces.

Inventory:

Hand Weapons
 e - a +0 dagger of venom (weapon)
Missiles
 i - a curare-tipped dart
 k - a throwing net
Armour
 a - a +1 robe
 p - +0 steam dragon scales (melded)
Jewellery
 b - the amulet "Exanory" (around neck) {Reflect rF+ Will++ SH+5}
   (You acquired it on level 1 of the Dungeon)

   [amulet of reflection]

   It reflects blocked missile attacks.
   It protects you from fire.
   It affects your SH (+5).
   It greatly increases your willpower.
 c - an amulet of the acrobat
 g - a +4 ring of evasion (left branch)
 j - a ring of protection from cold
 n - a +6 ring of strength
 o - a ring of ice
Wands
 f - a wand of paralysis (9)
Scrolls
 d - 3 scrolls of identify


   Skills:
 + Level 12.1 Fighting
 - Level 3.0 Short Blades
 + Level 4.7 Dodging
 - Level 7.9 Stealth
 - Level 3.3 Spellcasting
 - Level 3.4 Hexes
 - Level 1.0 Transmutations
 - Level 2.2 Air Magic
 - Level 3.0 Poison Magic


You had 8 spell levels left.
You knew the following spells:

 Your Spells              Type           Power      Damage    Failure   Level
a - Sting                 Tmut/Pois      36%        1d4       8%          1
b - Poisonous Vapours     Pois/Air       22%        N/A       10%         2
c - Confusing Touch       Hex            13%        N/A       13%         3

Your spell library contained the following spells:

 Spells                   Type           Power      Damage    Failure   Level
 Beastly Appendage        Tmut           10%        N/A       12%         1
 Summon Small Mammal      Summ           8%         N/A       19%         1
 Wereblood                Tmut           5%         N/A       19%         2
 Spider Form              Tmut/Pois      4%         N/A       24%         3
 Call Imp                 Summ           2%         N/A       26%         2
 Mephitic Cloud           Conj/Pois/Air  8%         N/A       26%         3
 Summon Guardian Golem    Hex/Summ       8%         N/A       26%         3
 Ignite Poison            Fire/Tmut/Pois 6%         N/A       30%         3
 Olgreb's Toxic Radiance  Pois           12%        N/A       45%         4
 Call Canine Familiar     Summ           2%         N/A       47%         3
 Gell's Gravitas          Tloc           1%         N/A       47%         3
 Summon Lightning Spire   Summ/Air       6%         N/A       75%         4
 Ice Form                 Ice/Tmut       4%         N/A       82%         4
 Petrify                  Tmut/Erth      4%         N/A       82%         4
 Summon Ice Beast         Ice/Summ       2%         N/A       87%         4
 Yara's Violent Unravell  Hex/Tmut       4%         3d4       89%         5
 Metabolic Englaciation   Hex/Ice        4%         N/A       94%         5
 Hydra Form               Tmut           2%         N/A       97%         5


Dungeon Overview and Level Annotations

Branches:
Dungeon (6/15)             Temple (1/1) D:4

Altars:
Ashenzari
Cheibriados
Dithmenos
Elyvilon
Fedhas
Gozag
Kikubaaqudgha
Nemelex Xobeh
Okawaru
Qazlal
Sif Muna
Trog
Uskayaw
Vehumet
Xom
Yredelemnul
The Shining One

Shops:
D:1 *

Annotations:
D:6 1 runed translucent door, bilbop's ghost, novice MiFi


Innate Abilities, Weirdness & Mutations

You are a tree.
Your roots penetrate the ground, keeping you stationary.
You cannot be teleported.
You are immune to unholy pain and torment.
Your maximum health is greatly increased.
Your equipment is partially melded.
You are small and have problems with some larger weapons.
You are completely attuned to the shadows.


Message History

The wight hits you but does no damage.
You hit the wight but do no damage.
The wight is lightly damaged.
You block the wight's attack.
You barely miss the wight.
The wight is lightly damaged.
The wight hits you but does no damage.
You hit the wight but do no damage.
The wight is lightly damaged.
You closely miss the wight.
The wight is lightly damaged.
The wight hits you with a +5 morningstar.
* * * LOW HITPOINT WARNING * * *
You hit the wight.
The wight is moderately damaged.
You block the wight's attack.
You hit the wight but do no damage.
The wight is moderately damaged.
The wight hits you with a +5 morningstar.
* * * LOW HITPOINT WARNING * * *
You barely miss the wight.
The wight is moderately damaged.
The wight hits you with a +5 morningstar!
* * * LOW HITPOINT WARNING * * *
You closely miss the wight.
The wight is moderately damaged.
You block the wight's attack.
You hit the wight but do no damage.
The wight is moderately damaged.
The wight hits you with a +5 morningstar.
* * * LOW HITPOINT WARNING * * *
You hit the wight but do no damage.
The wight is moderately damaged.
The wight hits you but does no damage.
You hit the wight but do no damage.
The wight is moderately damaged.
You barely miss the wight.
The wight is moderately damaged.
The wight hits you with a +5 morningstar!
You die...

......## .......#
.......## ........#
.......# .......#
......## [......#
....##♣## ...# #z.##
.# ##..# #..###
###...###########
###...............##
#...########........
##### #########


You could see a wight.

Vanquished Creatures
  A two-headed ogre (D:5)
  Grinder (D:5)
  A steam dragon (D:5)
  A water moccasin (D:4)
  2 necrophages (D:5)
  2 ogres
  A centaur (D:6)
  A phantom (D:4)
  A kobold brigand (D:4)
  A bullfrog (D:4)
  3 scorpions
  A centaur zombie (D:4)
  2 hounds
  A bullfrog skeleton (D:4)
  A jelly (D:6)
  An orc priest (D:4)
  An orc wizard (D:4)
  A killer bee zombie (D:5)
  A hound zombie (D:5)
  5 adders
  A white imp (D:6)
  3 dart slugs
  7 orcs (D:4)
  9 ball pythons
  5 endoplasms
  4 goblins
  4 hobgoblins
  11 jackals
  4 kobolds (D:4)
  3 quokkas
  A bat (D:3)
  6 frilled lizards
  3 rats
90 creatures vanquished.

Vanquished Creatures (others)
  5 plants (D:3)
  2 withered plants (D:6)
7 creatures vanquished.

Grand Total: 97 creatures vanquished

Notes
Turn   | Place    | Note
-------+----------+-------------------------------------------
     0 | D:1      | ZappyNine the Kobold Venom Mage began the quest for the
                  | Orb.
     0 | D:1      | Reached XP level 1. HP: 10/10 MP: 3/3
    19 | D:1      | Identified a scroll of acquirement
    19 | D:1      | Acquired the amulet "Exanory" {Reflect rF+ Will++ SH+5}
   473 | D:1      | Reached XP level 2. HP: 15/15 MP: 5/5
   476 | D:1      | Learned a level 2 spell: Poisonous Vapours
   757 | D:1      | Found Viucsuch's General Store.
  1358 | D:2      | Found a faded altar of an unknown god.
  1505 | D:2      | Reached XP level 3. HP: 19/19 MP: 0/6
  1526 | D:2      | Reached skill level 5 in Stealth
  2596 | D:3      | Reached skill level 1 in Short Blades
  2750 | D:3      | Reached skill level 1 in Air Magic
  2750 | D:3      | Reached XP level 4. HP: 24/24 MP: 7/7
  2994 | D:3      | Found a broken altar of Ashenzari.
  3583 | D:4      | Noticed a kobold brigand
  3645 | D:4      | Reached XP level 5. HP: 28/28 MP: 8/8
  3819 | D:4      | Killed a kobold brigand
  3820 | D:4      | Reached skill level 1 in Fighting
  3820 | D:4      | Reached XP level 6. HP: 29/35 MP: 1/9
  3968 | D:4      | Reached skill level 2 in Fighting
  4582 | D:4      | Found a staircase to the Ecumenical Temple.
  4606 | D:4      | Reached skill level 3 in Fighting
  4639 | D:4      | Reached XP level 7. HP: 41/41 MP: 10/10
  4643 | D:4      | Noticed a water moccasin
  4692 | Temple   | Entered the Ecumenical Temple
  4947 | Temple   | Became a worshipper of Dithmenos the Shadowed
  5205 | D:4      | Killed a water moccasin
  5206 | D:4      | Reached skill level 4 in Fighting
  5891 | D:5      | Entered Level 5 of the Dungeon
  5896 | D:5      | Learned a level 3 spell: Confusing Touch
  5943 | D:5      | Reached skill level 1 in Hexes
  6019 | D:5      | Reached XP level 8. HP: 16/48 MP: 5/12
  6653 | D:5      | Noticed a two-headed ogre
  6662 | D:5      | Killed a two-headed ogre
  6663 | D:5      | Reached skill level 10 in Fighting
  6663 | D:5      | Reached XP level 9. HP: 38/63 MP: 14/14
  6959 | D:4      | Reached skill level 11 in Fighting
  7365 | D:5      | Noticed Grinder
  7373 | D:5      | Killed Grinder
  7373 | D:5      | Reached * piety under Dithmenos
  7856 | D:6      | Found a runed translucent door.
  7856 | D:6      | Noticed bilbop's ghost (novice MiFi)
  7933 | D:6      | HP: 1/65 [centaur/arrow (6)]
  8305 | D:6      | Reached skill level 12 in Fighting
  8434 | D:6      | HP: 1/93 [wight/+5 morningstar (6)]
  8437 | D:6      | Mangled by a wight

Illustrated notes

Levels and vault maps discovered:
D:1:      scummos_arrival_gate, layout_loops_cross, serial_shops,
          nicolae_shop_temple_entry_statues_fountains, serial_forest,
          infiniplex_forest_lined_room_, infiniplex_forest_lined_room_2,
          infiniplex_forest_clump_small, infiniplex_forest_straight_2,
          infiniplex_forest_end_3, infiniplex_forest_corner_1,
          infiniplex_forest_end_1, infiniplex_forest_clump_diagonal,
          infiniplex_forest_end_1, hangedman_decor_points
D:2:      layout_loops_corners, shapermc_ecumenical_altar_mp_ritualfount,
          serial_park_tiny_2
D:3:      layout_basic, nicolae_overflow_crystal_walls, chequers_big_river,
          corner_web_ring
D:4:      minmay_recursive_quarters, layout_loops_corners,
          minmay_temple_entry_arrows, minmay_liquid_box,
          chequers_decorated_corner, minmay_manual_macuahuitl
D:5:      layout_gridville, uniq_grinder
D:6:      layout_cave_pods, general_overflow_altar, gammafunk_ghost_grave,
          uniq_blork_the_orc, uniq_sigmund, uniq_menkaure
Temple:   eino_temple_rhombus

Skill      XL: |  1  2  3  4  5  6  7  8  9 |
---------------+----------------------------+-----
Stealth        | 3 4 5 7 |  7.9
Short Blades   | 1 3 |  3.0
Air Magic      | 1 2 |  2.2
Fighting       | 1 3 4 10 12 | 12.1
Hexes          | 2 3 |  3.4
Spellcasting   | 3 |  3.3
Dodging        | 4 |  4.7
Transmutations | |  1.0
Poison Magic   | |  3.0

Action                   |  1- 3 |  4- 6 |  7- 9 || total
-------------------------+-------+-------+-------++-------
Melee: Unarmed           |     8 |       |       ||     8
       Dagger            |    58 |    68 |   202 ||   328
 Cast: Sting             |     5 |       |       ||     5
       Poisonous Vapours |     4 |     8 |    18 ||    30
  Use: Scroll            |     1 |     6 |     4 ||    11
       Potion            |       |     2 |     5 ||     7
 Stab: Sleeping          |    15 |    11 |    11 ||    37
Armor: Robe              |     3 |     7 |    12 ||    22
       Skin              |       |       |    34 ||    34
       Steam dragon scal |       |       |     1 ||     1
Dodge: Dodged            |    29 |    56 |   108 ||   193
Block: Other             |    12 |    11 |    42 ||    65
       Reflection        |       |       |     1 ||     1

Table legend: (Time is in decaauts)
 A = Elapsed time spent in this place.
 B = Non-inter-level travel time spent in this place.
 C = Inter-level travel time spent in this place.
 D = Time resting spent in this place.
 E = Time spent auto-exploring this place.
 F = Levels seen in this place.
 G = Mean time per level.
                   A        B        C        D        E       F      G
               +--------+--------+--------+--------+--------+-----+--------+
         Total |   8404 |   8123 |    281 |   2045 |   5020 |   7 | 1200.6 |
       Dungeon |   8144 |   7871 |    273 |   2045 |   4783 |   6 | 1357.3 |
        Temple |    260 |    252 |      8 |      0 |    237 |   1 |  260.0 |
               +--------+--------+--------+--------+--------+-----+--------+

Top non-repeatable levels by time:
     D:4: 2608 daAuts
     D:5: 1490 daAuts
     D:2: 1261 daAuts
     D:1: 1112 daAuts
     D:3: 1098 daAuts
     D:6: 573 daAuts
  Temple: 260 daAuts
